 Dungeon Crawl Stone Soup version 0.21.1-1-g345015f (webtiles) character file.

1780 empire the Carver (level 8, -1/64 HPs)
             Began as a Minotaur Fighter on May 25, 2018.
             Was a Believer of Cheibriados.
             Slain by a tentacled starspawn (26 damage)
             ... on level 1 of the Abyss.
             The game lasted 00:16:04 (6155 turns).

empire the Carver (Minotaur Fighter)                Turns: 6155, Time: 00:16:05

Health: -1/64      AC: 20    Str: 36    XL:     8   Next: 81%
Magic:  2/2        EV:  3    Int:  9    God:    Cheibriados [**....]
Gold:   279        SH: 11    Dex: 13    Spells: 7/7 levels left

rFire    . . .     SeeInvis .   b - +9 spear of Helenesm {antimagic, Str+3}
rCold    . . .     Gourm    .   c - +0 shield
rNeg     . . .     Faith    .   G - +0 plate armour
rPois    .         Spirit   .   (helmet restricted)
rElec    .         Reflect  .   B - +2 cloak
rCorr    .         Harm     .   (no gloves)
MR       .....                  C - +2 pair of boots
Stlth    ..........             (no amulet)
HPRegen  0.20/turn              (no ring)
MPRegen  0.08/turn              (no ring)

@: mighty, constricted, very slow
A: retaliatory headbutt, horns 2
a: Bend Time, Renounce Religion


You were on level 1 of the Abyss.
You worshipped Cheibriados.
Cheibriados was pleased with you.
You were not hungry.

You visited 2 branches of the dungeon, and saw 9 of its levels.
You visited the Abyss 1 time.

You collected 432 gold pieces.
You spent 153 gold pieces at shops.

Inventory:

Hand Weapons
 a - a +1 long sword
 b - the +9 spear of Helenesm (weapon) {antimagic, Str+3}
   (You found it on level 6 of the Dungeon)

   It reduces the magical energy of the wielder, and disrupts the spells and
   magical abilities of those hit.
   Natural abilities and divine invocations are not affected.
   It affects your strength (+3).
 y - the cursed +1 spear "Dragonslayer" {protect, Str+3 Int+2}
   (You found it on level 4 of the Dungeon)

   It protects the one who uses it against injury (+AC on strike).
   It affects your strength (+3).
   It affects your intelligence (+2).
   It has a curse placed upon it.
 z - a +3 quarterstaff of chaos
 A - a +0 scythe
 F - the +6 hand axe of Symmetry {freeze, Str+3 Dex+5 Stlth+}
   (You found it on level 6 of the Dungeon)

   It has been specially enchanted to freeze those struck by it, causing extra
   injury to most foes and up to half again as much damage against particularly
   susceptible opponents.
   It can also slow down cold-blooded creatures.
   It affects your strength (+3).
   It affects your dexterity (+5).
   It makes you more stealthy.
Missiles
 s - 2 javelins (quivered)
Armour
 c - a +0 shield (worn)
 B - a +2 cloak (worn)
 C - a +2 pair of boots (worn)
 G - a +0 plate armour (worn)
Wands
 D - a wand of iceblast (4)
 H - a wand of flame (24)
Scrolls
 e - 5 scrolls of remove curse
 h - 3 scrolls of enchant weapon
 i - 4 scrolls of teleportation
 k - 2 scrolls of identify
 l - 2 scrolls of amnesia
 o - 2 scrolls of immolation {unknown}
Potions
 d - a potion of might
 g - 2 potions of mutation
 j - a potion of invisibility
 q - 2 potions of curing
 r - a potion of degeneration {unknown}
 t - a potion of berserk rage
 u - 2 potions of haste
 v - a potion of flight {unknown}
 x - 5 potions of lignification {unknown}
 E - a potion of ambrosia {unknown}
Books
 n - a book of Misfortune

   Spells                             Type                      Level
   a - Confusing Touch                Hexes                        1
   b - Confuse                        Hexes                        3
   c - Gell's Gravitas                Translocation                3
   d - Petrify                        Transmutation/Earth          4
   e - Metabolic Englaciation         Hexes/Ice                    5
   f - Yara's Violent Unravelling     Hexes/Transmutation          5
 p - a book of Conjurations

   Spells                             Type                      Level
   a - Magic Dart                     Conjuration                  1
   b - Searing Ray                    Conjuration                  2
   c - Dazzling Spray                 Conjuration/Hexes            3
   d - Fulminant Prism                Conjuration/Hexes            4
   e - Force Lance                    Conjuration/Translocation    4
   f - Iskenderun's Mystic Blast      Conjuration                  4
Comestibles
 f - 11 rations


   Skills:
 - Level 3.6 Fighting
 - Level 9.3 Long Blades
 * Level 3.7(5.2) Axes
 * Level 5.5(6.1) Polearms
 + Level 8.3 Armour
 - Level 3.6 Shields


You had 7 spell levels left.
You didn't know any spells.

Dungeon Overview and Level Annotations

Branches:
Dungeon (7/15)             Temple (1/1) D:5

Altars:
Ashenzari
Cheibriados
Dithmenos
Elyvilon
Hepliaklqana
Makhleb
Okawaru
Qazlal
Ru
Sif Muna
Trog
Uskayaw
Vehumet
Wu Jian
Xom
Yredelemnul
The Shining One

Shops:
D:5 *

Annotations:
D:7 2 transporters


Innate Abilities, Weirdness & Mutations

You reflexively headbutt those who attack you in melee.
You have a pair of horns on your head.


Message History

2 starspawn tentacle segments come into view.
You puncture the tentacled starspawn! You headbutt the tentacled starspawn.
The tentacled starspawn is almost destroyed.
You block the starspawn tentacle's attack. x2
The tentacled starspawn bites you!
The tentacled starspawn engulfs you but does no damage. 2 starspawn tentacle segments come into view.
You hit the tentacled starspawn.
Your headbutt misses the tentacled starspawn.
The tentacled starspawn is almost destroyed.
The starspawn tentacle grabs you. The starspawn tentacle constricts you.
The tentacled starspawn bites you but does no damage.
The tentacled starspawn engulfs you. 2 starspawn tentacle segments come into view.
Your shield and plate armour prevent you from hitting the tentacled starspawn.
The starspawn tentacle loses its grip on you.
The tentacled starspawn is almost destroyed.
The starspawn tentacle grabs you. The starspawn tentacle constricts you.
The tentacled starspawn bites you!!
You die...

### . ###.
#.........
#.#..# ## #
######.#..###
#.. ........#
#.###..#
........
####.###..###
. ###.
#...──....#
.#
#../.@w.#.# .
#.<.wX..# # #
.....\#│....#
###...V...###
#.......#
#........
####......
...##### ## .


You could see a tentacled starspawn and 2 starspawn tentacles.

Vanquished Creatures
  Sigmund (D:4)
  A small abomination (Abyss:1)
  Menkaure (D:6)
  2 ice beasts
  2 orc warriors (D:6)
  A phantom (D:5)
  A centaur (D:7)
  3 bullfrogs
  A water moccasin skeleton (D:9)
  A bullfrog zombie (D:7)
  A crimson imp (D:9)
  A quasit (D:7)
  2 hounds
  Crazy Yiuf (D:4)
  2 iguanas (D:5)
  Natasha (D:3)
  3 worker ants
  2 hound skeletons
  2 worker ant zombies
  4 gnolls (D:3)
  6 adders
  4 worms
  4 dart slugs
  2 leopard geckos
  14 orcs
  4 ball pythons
  5 giant cockroaches
  3 goblins
  6 hobgoblins
  20 jackals
  4 quokkas
  5 bats
  6 frilled lizards
  4 kobolds
  A quokka skeleton (D:6)
  7 rats
128 creatures vanquished.

Vanquished Creatures (others)
  A goblin (D:2)
1 creature vanquished.

Grand Total: 129 creatures vanquished

Notes
Turn   | Place    | Note
-------+----------+-------------------------------------------
     0 | D:1      | empire the Minotaur Fighter began the quest for the Orb.
     0 | D:1      | Reached XP level 1. HP: 19/19 MP: 0/0
   217 | D:1      | Reached skill level 3 in Long Blades
   225 | D:1      | Reached XP level 2. HP: 25/26 MP: 1/1
  1055 | D:2      | Found a glowing golden altar of the Shining One.
  1103 | D:2      | Reached skill level 4 in Long Blades
  1103 | D:2      | Reached XP level 3. HP: 18/31 MP: 2/2
  2066 | D:2      | Reached XP level 4. HP: 39/39 MP: 3/3
  2569 | D:3      | Found a deep blue altar of Sif Muna.
  2569 | D:3      | Noticed Natasha
  2578 | D:3      | Killed Natasha
  2578 | D:3      | Reached skill level 5 in Long Blades
  2748 | D:3      | Reached XP level 5. HP: 45/45 MP: 4/4
  2761 | D:3      | Reached skill level 5 in Armour
  3466 | D:4      | Noticed Sigmund
  3470 | D:4      | Got a smoking spear
  3476 | D:4      | Killed Sigmund
  3476 | D:4      | Reached skill level 6 in Long Blades
  3476 | D:4      | Reached XP level 6. HP: 31/51 MP: 5/5
  3636 | D:4      | Found a runed door.
  3770 | D:4      | Noticed Crazy Yiuf
  3776 | D:4      | Killed Crazy Yiuf
  3776 | D:4      | Reached skill level 7 in Long Blades
  3837 | D:5      | Entered Level 5 of the Dungeon
  3872 | D:5      | Found a staircase to the Ecumenical Temple.
  3872 | D:5      | Found a bloodstained altar of Trog.
  3890 | D:5      | Noticed an ice beast
  3892 | Temple   | Entered the Ecumenical Temple
  4098 | Temple   | Became a worshipper of Cheibriados the Contemplative
  4121 | D:5      | Killed an ice beast
  4140 | D:5      | Reached XP level 7. HP: 46/57 MP: 6/6
  4159 | D:5      | Found a radiant altar of Vehumet.
  4199 | D:5      | Reached skill level 8 in Long Blades
  4248 | D:5      | Identified the cursed +1 spear "Dragonslayer" {protect, Str+3 Int+2} (You found it on level 4 of the Dungeon)
  4362 | D:5      | Found Gohoa's Assorted Antiques.
  4382 | D:5      | Bought a scroll of identify for 34 gold pieces
  4382 | D:5      | Bought a potion of curing for 51 gold pieces
  4382 | D:5      | Bought a scroll of remove curse for 51 gold pieces
  4382 | D:5      | Bought a scroll labeled UHIWAYMYUR for 17 gold pieces
  4663 | D:6      | Reached skill level 9 in Long Blades
  4670 | D:6      | Got a jewelled spear
  4702 | D:6      | Identified the +9 spear of Helenesm {antimagic, Str+3} (You found it on level 6 of the Dungeon)
  4721 | D:6      | Reached * piety under Cheibriados
  4721 | D:6      | Reached skill level 1 in Polearms
  4721 | D:6      | Reached XP level 8. HP: 52/64 MP: 7/7
  4963 | D:6      | Noticed Menkaure
  4969 | D:6      | Killed Menkaure
  4973 | D:6      | Found a white marble altar of Elyvilon.
  5081 | D:6      | Got an encrusted hand axe
  5082 | D:6      | Identified the +6 hand axe of Symmetry {freeze, Str+3 Dex+5 Stlth+} (You found it on level 6 of the Dungeon)
  5290 | D:7      | Found a transporter.
  5295 | D:7      | Noticed a kobold demonologist
  5320 | D:7      | Noticed a kobold demonologist
  5325 | D:7      | Found a transporter.
  5719 | D:7      | Reached skill level 1 in Axes
  5807 | D:7      | You fall through a shaft for 2 floors!
  5807 | D:9      | Found a radiant altar of Vehumet.
  5841 | D:9      | Reached skill level 5 in Polearms
  6082 | D:9      | Reached ** piety under Cheibriados
  6082 | D:9      | Cast into level 1 of the Abyss (orc)
  6141 | Abyss:1  | Noticed a tentacled starspawn
  6155 | Abyss:1  | Slain by a tentacled starspawn

Skill      XL: |  1  2  3  4  5  6  7  8 |
---------------+-------------------------+-----
Long Blades    | 3 4 5 6 7 9 |  9.3
Armour         | 4 5 6 7 8 |  8.3
Polearms       | 1 5 |  5.5
Axes           | 3 |  3.7
Fighting       | |  3.6
Shields        | |  3.6

Action                   |  1- 3 |  4- 6 |  7- 9 || total
-------------------------+-------+-------+-------++-------
Melee: Long sword        |    94 |   124 |   151 ||   369
       Headbutt          |     8 |    25 |    42 ||    75
       Spear             |       |       |    17 ||    17
  Use: Potion            |     1 |       |     2 ||     3
       Scroll            |       |       |    18 ||    18
  Eat: Chunk             |     4 |     6 |     5 ||    15
Armor: Scale mail        |    45 |     5 |       ||    50
       Chain mail        |       |    63 |    49 ||   112
       Plate armour      |       |       |    68 ||    68
Dodge: Dodged            |    35 |    23 |    51 ||   109
Block: Shield            |    57 |    63 |   118 ||   238
       Rpst.: Long sword |     6 |     2 |    14 ||    22
